 Dungeon Crawl Stone Soup version 0.21-a0-2-ge494091 (webtiles) character file.

1717 nikopol the Skirmisher (level 9, -25/84 HPs)
             Began as a Gargoyle Berserker on May 21, 2017.
             Was a Priest of Trog.
             Annihilated by a very large slime creature (37 damage)
             ... on level 6 of the Dungeon.
             The game lasted 00:15:33 (5351 turns).

nikopol the Skirmisher (Gargoyle Berserker)         Turns: 5351, Time: 00:15:33

Health: -25/84     AC: 18    Str: 27    XL:     9   Next: 4%
Magic:  9/9        EV: 12    Int:  7    God:    Trog [***...]
Gold:   350        SH:  4    Dex: 12    Spells: 8/8 levels left

rFire    + . .     SeeInvis .   a - +0 war axe
rCold    + . .     Gourm    .   (no shield)
rNeg     + . .     Faith    .   i - +0 scale mail
rPois    ∞         Spirit   .   (no helmet)
rElec    +         Reflect  +   y - scarf {rC+ rF+}
rCorr    +         Harm     .   A - +0 pair of gloves
MR       .....                  x - +0 pair of boots
Stlth    ..........             m - +4 amulet of reflection
Regen    0.3/turn               o - ring of resist corrosion
MPRegen  0.2/turn               v - +3 ring of protection

@: berserking (expiring), very quick
A: negative energy resistance 1, electricity resistance, unbreathing,
petrification resistance, rot immunity, AC +5
a: Berserk, Trog's Hand, Burn Spellbooks, Renounce Religion


You were on level 6 of the Dungeon.
You worshipped Trog.
Trog was most pleased with you.
You were near starving.

You visited 1 branch of the dungeon, and saw 6 of its levels.

You collected 350 gold pieces.

Inventory:

Hand Weapons
 a - a +0 war axe (weapon)
 z - a +0 shortbow
Missiles
 k - 159 arrows (quivered)
Armour
 i - a +0 scale mail (worn)
 x - a +0 pair of boots (worn)
 y - a scarf of resistance (worn)
 A - a +0 pair of gloves (worn)
 E - a +2 cloak of poison resistance
Jewellery
 m - a +4 amulet of reflection (around neck)
 o - a ring of resist corrosion (left hand)
 v - a +3 ring of protection (right hand)
 I - an uncursed amulet of magic regeneration {unknown}
Wands
 H - a wand of iceblast (8/15)
Scrolls
 d - a scroll of teleportation
 f - 2 scrolls of fear {unknown}
 g - 6 scrolls of remove curse
 h - a scroll of random uselessness {unknown}
 l - 4 scrolls of identify
 p - 2 scrolls of enchant weapon {unknown}
 B - 2 scrolls of enchant armour {unknown}
 C - 2 scrolls of recharging {unknown}
Potions
 e - 4 potions of curing
 j - 3 potions of magic {unknown}
 q - 2 potions of haste {unknown}
 r - 2 potions of lignification {unknown}
 s - 3 potions of mutation {unknown}
 t - a potion of degeneration {unknown}
 u - 4 potions of flight {unknown}
 w - a potion of brilliance {unknown}
 D - a potion of cancellation {unknown}
 F - 2 potions of ambrosia {unknown}
 G - 2 potions of resistance {unknown}
 J - a potion of might {unknown}
 K - 2 potions of experience {unknown}
Comestibles
 b - 4 fruits
 c - 4 bread rations
 n - 3 meat rations


   Skills:
 + Level 6.4 Fighting
 * Level 6.0 Axes
 * Level 3.4 Bows
 + Level 6.0 Armour
 + Level 4.3 Dodging


You had 8 spell levels left.
You didn't know any spells.

Dungeon Overview and Level Annotations

Branches:
Dungeon (6/15)             Temple (0/1) D:5

Altars:
Cheibriados
Dithmenos
Fedhas
Hepliaklqana
Nemelex Xobeh
Qazlal
Trog
Xom
Zin
The Shining One

Shops:
D:5 =


Innate Abilities, Weirdness & Mutations

You are resistant to torment.
Your stone body is resilient. (AC +5)
You are immune to poison.
You resist negative energy. (rN+)
You are resistant to electric shocks. (rElec)
You can survive without breathing.
You are immune to petrification.
You are immune to rotting.


Message History

Your scale mail prevents you from hitting the large slime creature.
The large slime creature is heavily wounded.
The large slime creature hits you but does no damage.
You hit the large slime creature.
The large slime creature is heavily wounded.
A slime creature comes into view.
You slice the large slime creature!!
The large slime creature is severely wounded.
The large slime creature hits you!!
* * * LOW HITPOINT WARNING * * *
You slice the large slime creature!!
The large slime creature is almost dead.
Two slime creatures merge to form a very large slime creature.
You slash the very large slime creature!
The very large slime creature is severely wounded.
The very large slime creature completely misses you.
You slice the very large slime creature!!
The very large slime creature is severely wounded.
The very large slime creature hits you!!!
You die...

###......###.....##
# #......##......(#
##.....##.......#
##...###..?...(#
##..# #.......#
##.# ####....#
##..###..'....#
#...##.########
##...###....†@#
######### ###....#
#######J# #.......#
##......#


JJ# ##........ ...##...# .÷# ##......... .####...# P.# #.......... ## ##..# P.#
##.......... ##.# ..# #........... ### ### ..# #.....>..... #.## #...........
You could see a very large slime creature, a jelly and an ooze.

Vanquished Creatures
  Grinder (D:3)
  A hornet zombie (D:5)
  An orc warrior (D:6)
  A centaur (D:5)
  An ogre (D:4)
  2 big kobolds (D:6)
  3 bullfrogs
  3 scorpions (D:6)
  2 howler monkeys
  2 crimson imps
  4 orc priests
  Crazy Yiuf (D:4)
  A hound (D:4)
  An iguana (D:3)
  Terence (D:2)
  2 orc wizards
  Natasha (thrice) (D:2)
  A worker ant zombie (D:5)
  7 gnolls (D:4)
  2 adders
  A shadow imp (D:5)
  An ooze (D:6)
  An adder skeleton (D:5)
  A dart slug (D:2)
  4 leopard geckos
  5 orcs
  A ball python (D:3)
  2 giant cockroaches (D:1)
  11 goblins
  11 hobgoblins
  2 quokkas
  7 bats
  4 frilled lizards
  A jackal skeleton (D:6)
  21 kobolds
  A quokka skeleton (D:6)
  5 rats
  A fungus (D:1)
120 creatures vanquished.

Vanquished Creatures (others)
  A fungus (D:6)
  7 toadstools (D:6)
8 creatures vanquished.

Grand Total: 128 creatures vanquished

Notes
Turn   | Place    | Note
-------+----------+-------------------------------------------
     0 | D:1      | nikopol the Gargoyle Berserker began the quest for the Orb.
     0 | D:1      | Reached XP level 1. HP: 14/14 MP: 1/1
   191 | D:1      | Reached XP level 2. HP: 18/19 MP: 2/2
   551 | D:1      | Found a sparkling altar of Nemelex Xobeh.
   627 | D:1      | Reached XP level 3. HP: 23/23 MP: 3/3
   929 | D:2      | Noticed Natasha
   943 | D:2      | Killed Natasha
   996 | D:2      | Noticed Natasha
  1185 | D:2      | Killed Natasha
  1185 | D:2      | Reached XP level 4. HP: 18/29 MP: 4/4
  1308 | D:2      | Noticed a bullfrog
  1331 | D:2      | Reached ** piety under Trog
  1506 | D:2      | Found a bloodstained altar of Trog.
  1506 | D:2      | Noticed Natasha
  1516 | D:2      | Killed Natasha
  1694 | D:2      | Noticed Terence
  1710 | D:2      | Reached XP level 5. HP: 25/33 MP: 5/5
  1716 | D:2      | Killed Terence
  1921 | D:2      | Found a glowing silver altar of Zin.
  1922 | D:2      | Found a glowing golden altar of the Shining One.
  1923 | D:2      | Found a hazy altar of Hepliaklqana.
  1925 | D:2      | Found a stormy altar of Qazlal.
  1934 | D:2      | Found a shimmering altar of Xom.
  1976 | D:2      | Reached XP level 6. HP: 39/39 MP: 6/6
  2526 | D:3      | Noticed Grinder
  2537 | D:3      | Paralysed by Grinder for 2 turns
  2544 | D:3      | Paralysed by Grinder for 6 turns
  2554 | D:3      | Killed Grinder
  2554 | D:3      | Reached skill level 5 in Fighting
  2554 | D:3      | Reached XP level 7. HP: 26/44 MP: 7/7
  2909 | D:3      | Reached *** piety under Trog
  3362 | D:4      | Found a shadowy altar of Dithmenos.
  3378 | D:4      | Reached skill level 5 in Armour
  3423 | D:4      | Found a shadowy altar of Dithmenos.
  3469 | D:4      | Found a runed door.
  3473 | D:4      | Noticed Crazy Yiuf
  3480 | D:4      | Killed Crazy Yiuf
  3651 | D:4      | Found a snail-covered altar of Cheibriados.
  3756 | D:5      | Entered Level 5 of the Dungeon
  3790 | D:5      | Found Exomy's Jewellery Shoppe.
  3821 | D:5      | Reached skill level 5 in Axes
  3821 | D:5      | Reached XP level 8. HP: 48/51 MP: 8/8
  4090 | D:5      | Found a staircase to the Ecumenical Temple.
  4284 | D:5      | Reached skill level 1 in Bows
  4672 | D:6      | Found a blossoming altar of Fedhas.
  5299 | D:6      | Reached XP level 9. HP: 52/56 MP: 9/9
  5351 | D:6      | Annihilated by a very large slime creature

Vault maps used:
D:1:      dpeg_arrival_prison, minivault_24, minmay_fountain_box,
          nemelex_diamond_rough_becter
D:2:      lemuel_crystal_altar, gammafunk_temple_overflow_arena,
          minmay_misc_feat_iff, kennysheep_nondescript, uniq_natasha,
          uniq_terence
D:3:      minmay_checkerbox, uniq_grinder
D:4:      kennysheep_mini, kennysheep_mini_moat, first_bread,
          roderic_hopi_sauvastika, nicolae_dithmenos_the_darkroom,
          uniq_crazy_yiuf_cottage
D:5:      temple_green, serial_shops, shop
D:6:      cheibrodos_fertilizer, fedhas_altar_1

Skill      XL: |  1  2  3  4  5  6  7  8 |
---------------+-------------------------+-----
Axes           | 3 4 5 6 |  6.0
Dodging        | 2 3 4 |  4.3
Armour         | 3 4 5 6 |  6.0
Fighting       | 4 5 6 |  6.4
Bows           | 3 |  3.4

Action                   |  1- 3 |  4- 6 |  7- 9 || total
-------------------------+-------+-------+-------++-------
Melee: Hand axe          |   111 |    77 |       ||   188
       War axe           |       |    58 |   191 ||   249
 Fire: Shortbow          |       |       |    62 ||    62
Invok: Berserk           |     1 |     3 |     2 ||     6
  Use: Scroll            |       |     5 |       ||     5
  Eat: Chunk             |       |     6 |    10 ||    16
       Royal jelly       |       |     1 |       ||     1
Armor: Animal skin       |    13 |       |       ||    13
       Scale mail        |    37 |    86 |    90 ||   213
Dodge: Dodged            |    65 |    92 |    98 ||   255
Block: Other             |       |     3 |    36 ||    39
       Reflection        |       |       |     1 ||     1
